 Dungeon Crawl Stone Soup version 0.28-a0-851-g8b9cc49659 (webtiles) character file.

Game seed: 15586027706955753900

100 ragingrage the Sneak (level 4, -1/35 HPs)
             Began as a Merfolk Brigand on Nov 14, 2021.
             Slain by a centaur skeleton (3 damage)
             ... on level 3 of the Dungeon.
             The game lasted 00:03:28 (3010 turns).

ragingrage the Sneak (Merfolk Brigand)              Turns: 3010, Time: 00:03:28

Health: -1/35      AC:  4    Str: 12    XL:     4   Next: 74%
Magic:  4/4        EV: 13    Int: 10    God:
Gold:   67         SH:  0    Dex: 15    Spells: 3/3 levels left

rFire   . . .      SeeInvis .   a - +2 dagger
rCold   . . .      Faith    .   (no shield)
rNeg    . . .      Spirit   .   b - +0 robe
rPois   .          Reflect  .   p - +0 helmet
rElec   .          Harm     .   c - +0 cloak
rCorr   .          Rampage  .   (no gloves)
Will    .....                   (no boots)
Stlth   +++.......              (no amulet)
HPRegen 0.11/turn               (no ring)
MPRegen 0.09/turn               (no ring)

@: no status effects
A: (nimble swimmer 2), mertail
a: no special abilities


You were on level 3 of the Dungeon.
You visited 1 branch of the dungeon, and saw 3 of its levels.

You collected 67 gold pieces.

Inventory:

Hand Weapons
 a - a +2 dagger (weapon)
Missiles
 d - 6 poisoned darts (quivered)
 e - 2 curare-tipped darts
 i - 92 stones
 n - 2 throwing nets
Armour
 b - a +0 robe (worn)
 c - a +0 cloak (worn)
 p - a +0 helmet (worn)
Scrolls
 f - a scroll of fear {unknown}
 g - a scroll of fog {unknown}
 j - 2 scrolls of teleportation {unknown}
 o - a scroll of magic mapping {unknown}
 q - a scroll of immolation {unknown}
Potions
 h - a potion of magic {unknown}
 k - 3 potions of curing
 l - a potion of degeneration {unknown}
 m - 2 potions of brilliance {unknown}


   Skills:
 + Level 3.5 Fighting
 - Level 2.4 Short Blades
 + Level 3.2 Throwing
 + Level 3.4 Dodging
 - Level 4.3 Stealth


You had 3 spell levels left.
You didn't know any spells.
Your spell library was empty.

Dungeon Overview and Level Annotations

Branches:
Dungeon (3/15)

Altars:

Annotations:
D:2 Sigmund


Innate Abilities, Weirdness & Mutations

((You are quick and stealthy near water. (Stealth+, EV+, Speed+++)))
Your lower body shifts to a powerful aquatic tail in water.


Message History

You hit the orc.
The orc is moderately wounded.
The orc hits you with a +0 whip.
You hit the orc but do no damage.
The orc is moderately wounded.
The orc hits you with a +0 whip.
You hit the orc.
The orc is heavily wounded.
The orc misses you.
You hit the orc but do no damage.
The orc is heavily wounded.
The orc closely misses you.
You closely miss the orc.
The orc is heavily wounded.
The orc hits you with a +0 whip.
* * * LOW HITPOINT WARNING * * *
You hit the orc.
You kill the orc!
You hit the centaur skeleton.
The centaur skeleton is lightly damaged.
The centaur skeleton hits you.
* * * LOW HITPOINT WARNING * * *
The centaur skeleton kicks you but does no damage.
You hit the centaur skeleton but do no damage.
The centaur skeleton is lightly damaged.
The centaur skeleton hits you.
* * * LOW HITPOINT WARNING * * *
The centaur skeleton closely misses you.
You hit the centaur skeleton.
The centaur skeleton is lightly damaged.
The centaur skeleton misses you. x2; The centaur skeleton barely misses you.
The centaur skeleton kicks you but does no damage.
You hit the centaur skeleton.
The centaur skeleton is moderately damaged.
The centaur skeleton barely misses you. The centaur skeleton kicks you.
* * * LOW HITPOINT WARNING * * *
You completely miss the centaur skeleton.
The centaur skeleton is moderately damaged.
The centaur skeleton hits you.
You die...

...#.##.#...#
...........>#
#######.#...#
#....##.############
.†.................#
#....##.##..######.#
..PP.P#.##..#......#
.≈≈.≈.#.##..#.#######
.≈≈≈≈....).....Z@...#
.≈≈≈≈.#.##..#.###.###
.≈≈≈≈...##..#.....#
..P......#.Z########
#..................#
#...........######.#
#...........# #.#
...........# #.#####
.....)..# #.....#


You could see a centaur skeleton.

Vanquished Creatures
  Robin (D:2)
  2 adders (D:2)
  2 adder zombies (D:3)
  An adder skeleton (D:3)
  2 worms (D:3)
  2 dart slugs (D:2)
  An orc (D:3)
  2 ball pythons
  5 endoplasms
  A giant cockroach (D:2)
  6 goblins
  8 hobgoblins
  A ball python skeleton (D:3)
  5 bats
  3 frilled lizards
  7 kobolds
  3 rats
52 creatures vanquished.

Vanquished Creatures (others)
  3 withered plants (D:3)
3 creatures vanquished.

Grand Total: 55 creatures vanquished

Notes
Turn   | Place    | Note
-------+----------+-------------------------------------------
     0 | D:1      | ragingrage the Merfolk Brigand began the quest for the Orb.
     0 | D:1      | Reached XP level 1. HP: 16/16 MP: 1/1
   391 | D:1      | Reached XP level 2. HP: 23/23 MP: 2/2
   850 | D:1      | Found a faded altar of an unknown god.
  1136 | D:2      | Reached XP level 3. HP: 28/28 MP: 3/3
  1561 | D:2      | Noticed Robin
  1917 | D:2      | Noticed Sigmund
  2009 | D:2      | Killed Robin
  2010 | D:2      | Reached XP level 4. HP: 30/35 MP: 4/4
  3010 | D:3      | Slain by a centaur skeleton

Illustrated notes

Levels and vault maps discovered:
D:1:      wander_arrival_fairy_ring, layout_loops_ring,
          ebering_ecumenical_altar_hall
D:2:      layout_basic, minmay_misc_feat_five, dk_noncrumbling_2, uniq_sigmund,
          uniq_robin
D:3:      wander_river, layout_basic, serial_undead, serial_undead_f,
          serial_undead_a, serial_undead_d, serial_undead_d, serial_undead_e,
          serial_undead_b, serial_undead_c, serial_undead_d, serial_undead_a,
          serial_undead_d, minivault_25, uniq_natasha

Skill      XL: |  1  2  3 |
---------------+----------+-----
Dodging        | 2 3 |  3.4
Fighting       | 3 |  3.5
Throwing       | 3 |  3.2
Short Blades   | |  2.4
Stealth        | |  4.3

Action                   |  1- 3 |  4- 6 || total
-------------------------+-------+-------++-------
Melee: Dagger            |   113 |    86 ||   199
Throw: Stone             |    14 |       ||    14
       Dart              |     5 |       ||     5
 Stab: Sleeping          |     7 |     4 ||    11
Armor: Robe              |    26 |    11 ||    37
Dodge: Dodged            |    56 |    43 ||    99

Table legend: (Time is in decaauts)
 A = Elapsed time spent in this place.
 B = Non-inter-level travel time spent in this place.
 C = Inter-level travel time spent in this place.
 D = Time resting spent in this place.
 E = Time spent auto-exploring this place.
 F = Levels seen in this place.
 G = Mean time per level.
                   A        B        C        D        E       F      G
               +--------+--------+--------+--------+--------+-----+--------+
         Total |   2989 |   2798 |    191 |    916 |   1328 |   3 |  996.3 |
       Dungeon |   2989 |   2798 |    191 |    916 |   1328 |   3 |  996.3 |
               +--------+--------+--------+--------+--------+-----+--------+

Top non-repeatable levels by time:
     D:1: 1519 daAuts
     D:2: 1080 daAuts
     D:3: 389 daAuts
